 Dungeon Crawl Stone Soup version 0.31-a0-229-g1fc7ce93e2 (webtiles) character file.

Game seed: 13818025606214157283

137 qw the Shooter (level 5, 0/45 HPs)
             Began as a Minotaur Hexslinger on July 6, 2023.
             Slain by a gnoll
             ... wielding a +0 whip
              (3 damage)
             ... on level 3 of the Dungeon.
             The game lasted 00:00:43 (1857 turns).

qw the Shooter (Minotaur Hexslinger)                Turns: 1857, Time: 00:00:44

Health: 0/45       AC:  3    Str: 13    XL:     5   Next: 0%
Magic:  5/5        EV: 11    Int: 10    God:
Gold:   153        SH:  0    Dex: 12    Spells: 5/6 levels left

rFire   . . .        Y - +2 sling
rCold   . . .        (no shield)
rNeg    . . .        h - +0 leather armour
rPois   .            (helmet restricted)
rElec   .            (no cloak)
rCorr   +            (no gloves)
SInv    .            (no boots)
Will    .....        (no amulet)
Stlth   +            c - ring of resist corrosion
HPRegen 0.27/turn    (no ring)
MPRegen 0.09/turn

%: no passive effects
@: no status effects
A: horns 2, retaliatory headbutt, clumsy 1
a: no special abilities


You were on level 3 of the Dungeon.
You visited 1 branch of the dungeon, and saw 3 of its levels.

You collected 153 gold pieces.


Innate Abilities, Weirdness & Mutations

You have a pair of horns on your head.
You reflexively headbutt those who attack you in melee.
You are clumsy. (Dex -2)


   Skills:
 - Level 3.0 Fighting
 + Level 5.1 Ranged Weapons
 - Level 2.1 Dodging
 - Level 1.0 Spellcasting
 - Level 2.0 Hexes


You had 5 spell levels left.
You knew the following spells:

 Your Spells              Type           Power      Damage    Failure   Level
a - Slow                  Hex            16%        N/A       19%         1

Your spell library contained the following spells:

 Spells                   Type           Power      Damage    Failure   Level
 Inner Flame              Hex/Fire       2%         N/A       65%         3
 Portal Projectile        Hex/Tloc       4%         N/A       65%         3
 Cause Fear               Hex            2%         N/A       88%         4

Inventory:

Hand Weapons
 Y - a +2 sling (weapon)
Armour
 h - a +0 leather armour (worn)
Jewellery
 c - a ring of resist corrosion (left hand)
 d - a ring of ice
Scrolls
 a - a scroll of identify
Potions
 i - a potion of mutation

Dungeon Overview and Level Annotations

Branches:
Dungeon (3/15)

Altars:

Shops:
D:1 *


Message History

The gnoll is moderately wounded.
The gnoll barely misses you.
You shoot a sling bullet.
The sling bullet barely misses the gnoll.
The gnoll hits you from afar with a +0 spear.
You shoot a sling bullet.
The sling bullet hits the gnoll but does no damage.
The gnoll is moderately wounded.
The gnoll hits you from afar with a +0 spear.
You shoot a sling bullet. The sling bullet hits the gnoll!
The gnoll is severely wounded.
The gnoll hits you from afar with a +0 spear.
You shoot a sling bullet.
The sling bullet barely misses the gnoll.
The gnoll barely misses you.
You shoot a sling bullet.
The sling bullet barely misses the gnoll.
You shoot a sling bullet. The sling bullet hits the gnoll.
The gnoll is heavily wounded.
The gnoll hits you with a +0 flail!
You shoot a sling bullet. The sling bullet hits the gnoll!
You kill the gnoll!
The gnoll hits you but does no damage.
You shoot a sling bullet. The sling bullet hits the gnoll!
You kill the gnoll!
Your Fighting skill increases to level 3!
You shoot a sling bullet.
The sling bullet closely misses the ball python.
You shoot a sling bullet. The sling bullet hits the ball python!
You kill the ball python!
You have reached level 5!
You shoot a sling bullet. The sling bullet hits the ball python!
You kill the ball python!
You shoot a sling bullet. The sling bullet hits the gnoll.
The gnoll is lightly wounded.
The gnoll barely misses you.
You shoot a sling bullet. The sling bullet hits the gnoll.
The gnoll is severely wounded.
The gnoll hits you with a +0 whip.
You die...

#.##....# # #.##....#.#
#.# #.# #.# #.#
####.#### #.#
#####.......# #.#
#...#.####### #.#
#...#.# #######.###
#.[...##........@gS#
...<####.#######.##....#
.%..# #.# #.# ...
....####.# #.# .
#........# ###.###
##.......# #.....##
##.......#####......#.
.+...........'.........#
##......######.....#..##


You could see a gnoll and a ball python.

Vanquished Creatures
  An adder (D:2)
  7 gnolls
  2 worms (D:2)
  A dart slug (D:1)
  An endoplasm (D:2)
  3 giant cockroaches
  6 goblins
  7 hobgoblins
  4 jackals (D:1)
  4 kobolds
  3 quokkas
  4 ball pythons
  6 bats
  5 frilled lizards
54 creatures vanquished.

Notes
Turn   | Place    | Note
-------+----------+-------------------------------------------
     0 | D:1      | qw the Minotaur Hexslinger began the quest for the Orb.
     0 | D:1      | Reached XP level 1. HP: 16/16 MP: 1/1
     0 | D:1      | 0 ||| qw: Version: 0.3-a-46-gb1f654a
     0 | D:1      | 0 ||| qw: Game counter: 1111
     0 | D:1      | 0 ||| qw: Melee chars always use a shield: true
     0 | D:1      | 0 ||| qw: God list: Okawaru
     0 | D:1      | 0 ||| qw: Allow faded altars: false
     0 | D:1      | 0 ||| qw: Do Orc after clearing Dungeon:15 true
     0 | D:1      | 0 ||| qw: Do second Lair branch before Depths: true
     0 | D:1      | 0 ||| qw: Lair rune preference: random
     0 | D:1      | 0 ||| qw: Goals: Normal
     0 | D:1      | 0 ||| PLANNING D:1-11
   150 | D:1      | Reached skill level 3 in Ranged Weapons
   150 | D:1      | Reached XP level 2. HP: 23/23 MP: 2/2
   482 | D:1      | Reached XP level 3. HP: 29/29 MP: 3/3
   567 | D:1      | Found Ituamor's General Store.
   570 | D:1      | 570 ||| SHOPLISTING +0 ring mail (44 gold, have 28).
   570 | D:1      | 570 ||| SHOPLISTING potion of heal wounds (55 gold, have
                  | 28).
   773 | D:1      | 773 ||| UPGRADING to +0 leather armour.
   783 | D:1      | 783 ||| DROPPING +0 robe.
   784 | D:1      | 784 ||| READING scroll labelled NAFARE JEXIUNG.
   785 | D:1      | 785 ||| READING 2 scrolls labelled JELUCI DAMENED.
   786 | D:1      | 786 ||| READING scroll labelled USMUH EZIYFO.
   787 | D:1      | 787 ||| DROPPING scroll of poison.
   788 | D:1      | 788 ||| DROPPING scroll of noise.
  1018 | D:2      | Reached skill level 4 in Ranged Weapons
  1382 | D:2      | 1382 ||| UPGRADING to ring of resist corrosion.
  1383 | D:2      | 1383 ||| READING scroll labelled EHEWACHIORPH.
  1384 | D:2      | 1384 ||| DRINKING 2 sedimented amethyst potions.
  1384 | D:2      | Gained mutation: You are clumsy. (Dex -2) [potion of
                  | mutation]
  1397 | D:3      | Reached XP level 4. HP: 36/36 MP: 4/4
  1400 | D:3      | 1400 ||| STAIRDANCE
  1422 | D:3      | 1422 ||| STAIRDANCE
  1511 | D:3      | 1511 ||| STAIRDANCE
  1623 | D:3      | Reached skill level 5 in Ranged Weapons
  1850 | D:3      | HP: 1/37 [gnoll/+0 flail (12)]
  1853 | D:3      | Reached skill level 3 in Fighting
  1855 | D:3      | Reached XP level 5. HP: 2/45 MP: 5/5
  1857 | D:3      | Slain by a gnoll

Levels and vault maps discovered:
D:1:      tarquinn_simple_flora_water_f, layout_loops_ring, serial_shops,
          nicolae_shop_trees, kennysheep_flooded_box, minmay_liquid_box,
          chequers_arboretum
D:2:      layout_basic
D:3:      layout_basic, nicolae_ecumenical_snake_handling

Skill      XL: |  1  2  3  4 |
---------------+-------------+-----
Ranged Weapons | 3 4 5 |  5.1
Fighting       | 2 3 |  3.0
Dodging        | |  2.1
Spellcasting   | |  1.0
Hexes          | |  2.0

Action                     |  1- 3 |  4- 6 || total
---------------------------+-------+-------++-------
   Fire: Sling             |   119 |    55 ||   174
    Use: Scroll            |     4 |       ||     4
         Potion            |     1 |       ||     1
 Armour: Robe              |     7 |       ||     7
         Leather armour    |     2 |     4 ||     6
  Dodge: Dodged            |    19 |    23 ||    42

Table legend:
 A = Non-vault XP
 B = Vault XP
 C = Vault XP percentage of total XP
 D = Non-vault monster count
 E = Vault monster count
 F = Vault count percentage of total count
                 A         B        C        D         E       F
            +---------+---------+-------+---------+---------+-------
      Total |     193 |       4 |   2.0 |      51 |       3 |   5.6
            +---------+---------+-------+---------+---------+-------
        D:1 |      46 |       0 |   0.0 |      26 |       0 |   0.0
        D:2 |      56 |       0 |   0.0 |      15 |       0 |   0.0
        D:3 |      91 |       4 |   4.2 |      10 |       3 |  23.1
            +---------+---------+-------+---------+---------+-------
